 Dungeon Crawl Stone Soup version 0.17.1-3-g152610e (webtiles) character file.

82 manyhoops the Chopper (level 4, 0/34 HPs)
             Began as a Demonspawn Gladiator on Apr 23, 2016.
             Succumbed to an adder's poison
             ... on level 3 of the Dungeon.
             The game lasted 00:04:20 (2174 turns).

manyhoops the Chopper (Demonspawn Gladiator)        Turns: 2174, Time: 00:04:21

Health: 0/34       AC:  8    Str: 16    XL:     4   Next: 21%
Magic:  4/4        EV:  7    Int: 10    God:
Gold:   97         SH:  0    Dex: 13    Spells: 0 memorised, 3 levels left

rFire  . . .     SeeInvis .     a - +0 war axe
rCold  . . .     Clarity  .     o - +0 chain mail
rNeg   . . .     SustAt   .     (no shield)
rPois  .         Gourm    .     (helmet restricted)
rElec  .         Spirit   .     (no cloak)
rCorr  .         Warding  .     (no gloves)
rMut   .         Stasis   .     (no boots)
MR     .....                    (no amulet)
Stlth  ..........               (no ring)
                                (no ring)

@: lethally poisoned (0 -> -1), not resistant to hostile enchantments, extremely
unstealthy
A: horns 2, demonic guardian 1
a: no special abilities


You were on level 3 of the Dungeon.
You were very hungry.

You visited 1 branch of the dungeon, and saw 3 of its levels.

You collected 97 gold pieces.

Inventory:

Hand Weapons
 a - a +0 war axe (weapon)
Missiles
 d - 3 throwing nets (quivered)
Armour
 b - a +0 leather armour
 c - a +0 helmet
 m - a +0 ring mail
 o - a +0 chain mail (worn)
Scrolls
 g - 2 scrolls of identify {unknown}
 h - 2 scrolls of recharging {unknown}
 i - a scroll of enchant weapon {unknown}
 k - a scroll of magic mapping {unknown}
Comestibles
 e - 2 bread rations
 f - 2 meat rations
 l - a slice of pizza
 p - a beef jerky


   Skills:
 * Level 2.9 Fighting
 + Level 3.5 Axes
 + Level 2.0 Throwing
 + Level 1.5 Armour
 - Level 2.6 Dodging


You had 3 spell levels left.
You didn't know any spells.

Dungeon Overview and Level Annotations

Branches:
Dungeon (3/15)

Altars:
Xom


Innate Abilities, Weirdness & Mutations

You have a pair of horns on your head.
A weak demonic guardian rushes to your aid.


Message History

a war axe; a leather armour; a scroll labeled VEMPAPOELI; an adder corpse an orc corpse You closely miss the orc.
You feel sick. The orc barely misses you.
Your chain mail prevents you from hitting the orc.
You headbutt the orc.
The orc is severely wounded.
The orc hits you with a trident.
Your chain mail prevents you from hitting the orc.
The orc is severely wounded.
The orc hits you with a trident.
* * * LOW HITPOINT WARNING * * *
The orc hits you with a trident.
* * * LOW HITPOINT WARNING * * *
You hit the orc.
You kill the orc!
* * * LOW HITPOINT WARNING * * *
You feel sick.
* * * LOW HITPOINT WARNING * * *
You feel sick.
You die...

#.... #... #...
♣P♣ !_?. P##..
♣♣.........P##..
.P..#...#P♣P#.#
♣.♣.......♣.#)#
♣.P8..#.P..P#@#
♣........P♣♣)# ♣
♣..(.P..♣P..# .
♣P.....P♣P..#
P♣♣♣♣♣♣..♣..♣♣.♣.#
♣.♣§.P.P..♣.P.♣..#
♣♣§§....♣P.)P.♣#.#
.§♣♣♣♣..PPP♣)♣##.#
.♣ ♣..♣♣.P♣P.P##.#


There were no monsters in sight!

Vanquished Creatures
  2 river rats (D:3)
  An adder (D:3)
  2 giant geckos (D:2)
  4 orcs (D:3)
  6 bats
  4 hobgoblins
  7 kobolds
  2 ball pythons
  2 giant cockroaches
  2 giant newts
  5 goblins
  5 rats
42 creatures vanquished.

Vanquished Creatures (collateral kills)
  2 gnolls (D:3)
2 creatures vanquished.

Vanquished Creatures (others)
  A plant (D:3)
1 creature vanquished.

Grand Total: 45 creatures vanquished

Notes
Turn   | Place    | Note
--------------------------------------------------------------
     0 | D:1      | manyhoops the Demonspawn Gladiator began the quest for the Orb.
     0 | D:1      | Reached XP level 1. HP: 16/16 MP: 1/1
    49 | D:1      | Reached skill level 3 in Axes
   352 | D:1      | Gained mutation: You have a pair of small horns on your head. [demonic ancestry]
   352 | D:1      | Reached XP level 2. HP: 20/22 MP: 2/2
  1607 | D:1      | Gained mutation: A weak demonic guardian rushes to your aid. [demonic ancestry]
  1607 | D:1      | Reached XP level 3. HP: 28/28 MP: 3/3
  1658 | D:2      | Reached skill level 1 in Armour
  1873 | D:3      | Found a shimmering altar of Xom.
  2025 | D:3      | Gained mutation: You have a pair of horns on your head. [demonic ancestry]
  2025 | D:3      | Reached XP level 4. HP: 10/34 MP: 4/4
  2166 | D:3      | HP: 1/34 [poisoned by an adder]
  2174 | D:3      | Succumbed to an adder's poison

Action                   |  1- 3 |  4- 6 || total
-------------------------+-------+-------++-------
Melee: War axe           |   121 |    12 ||   133
  Use: Potion            |     2 |       ||     2
 Stab: Sleeping          |     1 |       ||     1
  Eat: Chunk             |     3 |       ||     3
